Philadelphia Flyers vs Minnesota North Stars
Created - Wednesday, November 27, 2024 at 09:28
Goals
|
| Philadelphia Flyers |
2 |
1 |
0 |
0 |
1 |
3 |
| Minnesota North Stars |
0 |
1 |
2 |
0 |
2 |
4 |
|
Shots
|
| Philadelphia Flyers |
15 |
8 |
7 |
0 |
3 |
30 |
| Minnesota North Stars |
8 |
14 |
14 |
2 |
3 |
38 |
|
1st period
1. Philadelphia Flyers , Marcus Johansson 18 (Joel Edmundson 11, Jeff Skinner 23) at 12:09
2. Philadelphia Flyers , Jesper Fast 5 (Ryan Winterton 5, Sean Kuraly 21) at 18:35
Penalties :
Rasmus Dahlin (MNS) for Cross-checking (Minor) at 3:36
2nd period
3. Philadelphia Flyers , Radek Faksa 17 (Zac Jones 7, Cody Glass 30) at 0:44
4. Minnesota North Stars , Evgeni Malkin 27 (Yegor Sharangovich 11, William Eklund 17) at 15:04
Penalties :
Evan Rodrigues (MNS) for Boarding (Minor) at 9:30, Rasmus Dahlin (MNS) for Roughing (Minor) at 16:35
3rd period
5. Minnesota North Stars , William Eklund 12 (William Karlsson 30, Frank Vatrano 36) at 10:56
6. Minnesota North Stars , Evgeni Malkin 28 (Valeri Nichushkin 37) at 19:10
Penalties :
Dylan DeMelo (MNS) for Tripping (Minor) at 3:36
Overtime #1
No Goal
Penalties :
No Penalty
Shootout
Philadelphia Flyers, Jeff Skinner - Stopped by Stuart Skinner
Minnesota North Stars, Valeri Nichushkin - Stopped by Connor Ingram
Philadelphia Flyers, Sonny Milano - Goal!
Minnesota North Stars, Evgeni Malkin - Goal!
Philadelphia Flyers, Casey Cizikas - Stopped by Stuart Skinner
Minnesota North Stars, William Karlsson - Goal!
Penalties :
No Penalty
Goalie Stats
Connor Ingram (PHI), 35 saves from 38 shots - (0.921), OTL, 36-14-8, 65:00 minutes
Stuart Skinner (MNS), 27 saves from 30 shots - (0.900), W, 17-22-3, 64:38 minutes
Players Stats for Philadelphia Flyers
Player Name G A P +/- PIM S H SB GA TA FO MP PP MP PK MP
------------------------------------------------------------------------------------
Albert Johansson 0 0 0 0 0 0 0 1 0 1 0/0 18:07 0:00 0:00
Casey Cizikas 0 0 0 -1 0 0 1 2 1 0 12/18 17:53 4:01 0:00
Cody Glass 0 1 1 1 0 4 0 1 3 0 0/0 16:59 3:51 0:00
Daniil Misyul 0 0 0 0 0 0 0 2 0 0 0/0 18:07 0:00 0:00
Jeff Skinner 0 1 1 0 0 1 2 0 3 1 0/1 17:26 4:01 0:00
Jesper Fast 1 0 1 1 0 1 1 0 0 1 0/1 13:13 0:00 0:00
Joel Edmundson 0 1 1 1 0 1 1 1 0 2 0/0 22:24 3:47 0:00
Lukas Rousek 0 0 0 -1 0 4 0 0 2 0 0/0 14:39 0:00 0:00
Marcus Johansson 1 0 1 0 0 6 0 1 1 0 0/1 16:29 3:51 0:00
Matt Rempe 0 0 0 -1 0 0 1 0 0 3 0/0 15:20 0:04 0:00
Radek Faksa 1 0 1 0 0 4 2 1 0 0 7/13 17:58 3:51 0:00
Ryan Winterton 0 1 1 1 0 3 1 0 0 0 0/1 13:54 0:04 0:00
Samuel Poulin 0 0 0 -1 0 3 2 1 1 1 7/14 15:20 0:04 0:00
Sean Kuraly 0 1 1 0 0 2 3 0 1 0 4/11 18:01 4:09 0:00
Sonny Milano 0 0 0 1 0 0 1 0 0 0 0/0 17:44 4:01 0:00
Trevor van Riemsdyk 0 0 0 -1 0 0 1 1 0 1 0/0 24:29 4:09 0:00
Vladislav Gavrikov 0 0 0 -1 0 0 1 0 1 0 0/0 23:40 3:47 0:00
Zac Jones 0 1 1 1 0 1 1 1 0 1 0/0 18:17 0:00 0:00
Players Stats for Minnesota North Stars
Player Name G A P +/- PIM S H SB GA TA FO MP PP MP PK MP
------------------------------------------------------------------------------------
Brock Nelson 0 0 0 -2 0 3 1 0 1 2 0/0 16:46 0:00 0:00
Dylan DeMelo 0 0 0 -2 2 1 2 3 0 0 0/0 20:44 0:00 2:58
Eeli Tolvanen 0 0 0 0 0 1 1 0 0 0 0/0 9:03 0:00 0:00
Evan Rodrigues 0 0 0 0 2 0 0 0 0 0 0/0 9:07 0:00 0:00
Evgeni Malkin 2 0 2 1 0 4 2 0 1 1 10/18 16:37 0:00 0:00
Frank Vatrano 0 1 1 2 0 6 2 0 2 1 0/0 17:26 0:00 3:50
Gustav Forsling 0 0 0 1 0 1 1 1 0 0 0/0 22:09 0:00 2:45
Jack Hughes 0 0 0 -2 0 3 0 2 2 0 6/13 16:09 0:00 0:00
Justin Faulk 0 0 0 1 0 1 2 1 0 0 0/0 24:00 0:00 4:17
Lawson Crouse 0 0 0 0 0 0 3 1 0 1 1/2 18:45 0:00 3:42
Matt Roy 0 0 0 1 0 0 1 0 0 1 0/0 19:11 0:00 0:00
Neal Pionk 0 0 0 -2 0 1 1 1 0 1 0/0 22:36 0:00 3:46
Rasmus Dahlin 0 0 0 1 4 1 3 1 1 1 0/0 22:09 0:00 2:06
Ryan Nugent-Hopkins 0 0 0 0 0 2 2 2 0 1 0/4 14:21 0:00 3:53
Valeri Nichushkin 0 1 1 -1 0 4 1 2 2 0 2/2 15:00 0:00 0:00
William Eklund 1 1 2 1 0 4 1 0 0 1 0/0 14:34 0:00 0:24
William Karlsson 0 1 1 1 0 3 1 0 2 1 11/21 18:43 0:00 3:42
Yegor Sharangovich 0 1 1 0 0 3 1 0 0 2 0/0 14:40 0:00 0:21
3 Stars
1 - Evgeni Malkin (MNS)
2 - William Eklund (MNS)
3 - Frank Vatrano (MNS)
Power Play
Philadelphia Flyers - 0 on 4 Attempt(s) - 0.00%
Minnesota North Stars - 0 on 0 Attempt(s) - 0.00%
Penalty Kill
Philadelphia Flyers - 0 on 0 Attempt(s) - 0.00%
- Score 0 goal in Penalty Kill
Minnesota North Stars - 4 on 4 Attempt(s) - 100.00%
- Score 0 goal in Penalty Kill
Team Stat
Philadelphia Flyers - Hits : 18 - Faceoff Wins : 30 - Blocked Shots : 12 - Penalty Minutes : 0
Minnesota North Stars - Hits : 25 - Faceoff Wins : 30 - Blocked Shots : 14 - Penalty Minutes : 8
Official
Referees : Graham Skilliter and Mitch Dunning
Linesman : Kiel Murchison and Mark Shewchyk
Game Notes
No Game Note
Finance
Level 1 -- Attendance: 4813 (80.22%) -- Ticket Income $481,300
Level 2 -- Attendance: 3788 (75.76%) -- Ticket Income $227,280
Level 3 -- Attendance: 2150 (71.67%) -- Ticket Income $75,250
Level 4 -- Attendance: 3643 (72.86%) -- Ticket Income $91,075
Luxury Box -- Attendance: 777 (77.70%) -- Ticket Income $155,400
Game was played at the Met Center.
Total Attendance: 15171 (75.86%)
Total Ticket Income: $1,030,305
Other Income: $360,607
Total Income: $1,390,912
Philadelphia Flyers
5 vs 5 Forward
Center Left Wing Right Wing Time % Phy DF OF
1 Casey Cizikas Jeff Skinner Marcus Johansson 25 0 1 4
2 Radek Faksa Sonny Milano Cody Glass 25 0 1 4
3 Sean Kuraly Ryan Winterton Jesper Fast 25 0 2 3
4 Samuel Poulin Matt Rempe Lukas Rousek 25 0 2 3
5 vs 5 Defense
Defense Defense Time % Phy DF OF
1 Vladislav Gavrikov Trevor van Riemsdyk 35 0 3 2
2 Joel Edmundson Zac Jones 35 0 3 2
3 Albert Johansson Daniil Misyul 30 0 4 1
4 Vladislav Gavrikov Trevor van Riemsdyk 0 0 3 2
PowerPlay Forward
Center Left Wing Right Wing Time % Phy DF OF
1 Casey Cizikas Jeff Skinner Sonny Milano 50 0 0 5
2 Radek Faksa Marcus Johansson Cody Glass 50 0 0 5
PowerPlay Defense
Defense Defense Time % Phy DF OF
1 Vladislav Gavrikov Joel Edmundson 50 0 1 4
2 Trevor van Riemsdyk Sean Kuraly 50 0 1 4
Penalty Kill 4 Players Forward
Center Wing Time % Phy DF OF
1 Casey Cizikas Radek Faksa 50 0 5 0
2 Sean Kuraly Jesper Fast 50 0 5 0
Penalty Kill 4 Players Defense
Defense Defense Time % Phy DF OF
1 Vladislav Gavrikov Zac Jones 50 0 5 0
2 Joel Edmundson Trevor van Riemsdyk 50 0 5 0
Penalty Kill - 3 Players Forward
Forward Time % Phy DF OF
1 Casey Cizikas 50 0 5 0
2 Radek Faksa 50 0 5 0
Penalty Kill - 3 Players Defense
Defense Defense Time % Phy DF OF
1 Vladislav Gavrikov Zac Jones 50 0 5 0
2 Joel Edmundson Trevor van Riemsdyk 50 0 5 0
4 vs 4 Forward
Center Wing Time % Phy DF OF
1 Casey Cizikas Jeff Skinner 50 0 1 4
2 Radek Faksa Sonny Milano 50 0 1 4
4 vs 4 Defense
Defense Defense Time % Phy DF OF
1 Vladislav Gavrikov Trevor van Riemsdyk 50 0 3 2
2 Joel Edmundson Zac Jones 50 0 3 2
Last Minutes Offensive
Center Left Wing Right Wing Defense Defense
Casey Cizikas Jeff Skinner Sonny Milano Vladislav Gavrikov Marcus Johansson
Last Minutes Defensive
Center Left Wing Right Wing Defense Defense
Casey Cizikas Sean Kuraly Radek Faksa Vladislav Gavrikov Trevor van Riemsdyk
Goaltenders
Starting : Connor Ingram
Backup : Spencer Martin
Extra Forwards
Normal : Jeff Skinner, Casey Cizikas, Sonny Milano - PP : Jeff Skinner, Casey Cizikas - PK : Sonny Milano
Extra Defensemen
Normal : Joel Edmundson, Trevor van Riemsdyk, Vladislav Gavrikov - PP : Joel Edmundson - PK : Trevor van Riemsdyk, Vladislav Gavrikov
Penalty Shots
Jeff Skinner, Sonny Milano, Casey Cizikas, Cody Glass, Jesper Fast
Scratches
Marcel Marcel (Healthy), Devin Cooley (Healthy)
Minnesota North Stars
5 vs 5 Forward
Center Left Wing Right Wing Time % Phy DF OF
1 Jack Hughes Brock Nelson Valeri Nichushkin 29 0 2 3
2 William Karlsson William Eklund Frank Vatrano 27 0 2 3
3 Evgeni Malkin Yegor Sharangovich Lawson Crouse 27 0 2 3
4 Ryan Nugent-Hopkins Evan Rodrigues Eeli Tolvanen 17 0 2 3
5 vs 5 Defense
Defense Defense Time % Phy DF OF
1 Rasmus Dahlin Justin Faulk 34 2 2 1
2 Neal Pionk Dylan DeMelo 33 2 2 1
3 Matt Roy Gustav Forsling 33 2 2 1
4 Rasmus Dahlin Justin Faulk 0 1 2 2
PowerPlay Forward
Center Left Wing Right Wing Time % Phy DF OF
1 Jack Hughes Valeri Nichushkin Frank Vatrano 50 0 0 5
2 Evgeni Malkin Brock Nelson William Karlsson 50 0 0 5
PowerPlay Defense
Defense Defense Time % Phy DF OF
1 Rasmus Dahlin Justin Faulk 50 0 1 4
2 Neal Pionk Gustav Forsling 50 0 1 4
Penalty Kill 4 Players Forward
Center Wing Time % Phy DF OF
1 William Karlsson Lawson Crouse 50 1 3 1
2 Ryan Nugent-Hopkins Frank Vatrano 50 1 3 1
Penalty Kill 4 Players Defense
Defense Defense Time % Phy DF OF
1 Rasmus Dahlin Justin Faulk 50 1 4 0
2 Neal Pionk Gustav Forsling 50 1 4 0
Penalty Kill - 3 Players Forward
Forward Time % Phy DF OF
1 William Karlsson 50 1 3 1
2 Ryan Nugent-Hopkins 50 1 3 1
Penalty Kill - 3 Players Defense
Defense Defense Time % Phy DF OF
1 Rasmus Dahlin Justin Faulk 50 1 4 0
2 Neal Pionk Gustav Forsling 50 1 4 0
4 vs 4 Forward
Center Wing Time % Phy DF OF
1 Evgeni Malkin Brock Nelson 50 0 2 3
2 William Karlsson Jack Hughes 50 0 2 3
4 vs 4 Defense
Defense Defense Time % Phy DF OF
1 Rasmus Dahlin Justin Faulk 50 1 2 2
2 Neal Pionk Gustav Forsling 50 1 2 2
Last Minutes Offensive
Center Left Wing Right Wing Defense Defense
Evgeni Malkin Valeri Nichushkin Frank Vatrano Rasmus Dahlin Justin Faulk
Last Minutes Defensive
Center Left Wing Right Wing Defense Defense
Evgeni Malkin Valeri Nichushkin Frank Vatrano Rasmus Dahlin Justin Faulk
Goaltenders
Starting : Stuart Skinner
Backup : Charlie Lindgren
Extra Forwards
Normal : Ryan Nugent-Hopkins, Lawson Crouse, William Eklund - PP : Ryan Nugent-Hopkins, Lawson Crouse - PK : William Eklund
Extra Defensemen
Normal : Matt Roy, Dylan DeMelo, Neal Pionk - PP : Matt Roy - PK : Dylan DeMelo, Neal Pionk
Penalty Shots
Valeri Nichushkin, Evgeni Malkin, William Karlsson, Jack Hughes, Brock Nelson
Scratches
Jonas Brodin (Healthy), Viktor Arvidsson (Healthy), Roni Hirvonen (Healthy), Oskari Salminen (Healthy)
% Time on Ice - Philadelphia Flyers
Lines # - Real PCT - Wanted PCT - Time Play
Normal Forward
1 - 23% - 25% - 11:42
2 - 23% - 25% - 12:04
3 - 26% - 25% - 13:13
4 - 28% - 25% - 14:39
Normal Defense
1 - 34% - 35% - 17:26
2 - 33% - 35% - 17:14
3 - 32% - 30% - 16:36
4 - 1% - 0% - 0:22
PP Forward
1 - 51% - 50% - 4:03
2 - 49% - 50% - 3:53
PP Defense
1 - 48% - 50% - 3:47
2 - 52% - 50% - 4:09
PK Forward
1 - 0% - 50%
2 - 0% - 50%
PK Defense
1 - 0% - 50%
2 - 0% - 50%
PK3 Forward
1 - 0% - 50%
2 - 0% - 50%
PK3 Defense
1 - 0% - 50%
2 - 0% - 50%
44 Forward
1 - 49% - 50% - 2:28
2 - 51% - 50% - 2:32
44 Defense
1 - 63% - 50% - 3:10
2 - 37% - 50% - 1:50
Last Minute Offensive - 0:00
Last Minute Defensive - 0:26
Total
Forward - 65:00
Defense - 65:00
|
% Time on Ice - Minnesota North Stars
Lines # - Real PCT - Wanted PCT - Time Play
Normal Forward
1 - 29% - 29% - 14:57
2 - 26% - 27% - 13:39
3 - 27% - 27% - 13:59
4 - 18% - 17% - 9:03
Normal Defense
1 - 33% - 34% - 17:09
2 - 32% - 33% - 16:40
3 - 35% - 33% - 17:49
4 - 0% - 0% - 0:00
PP Forward
1 - 0% - 50%
2 - 0% - 50%
PP Defense
1 - 0% - 50%
2 - 0% - 50%
PK Forward
1 - 47% - 50% - 3:45
2 - 53% - 50% - 4:11
PK Defense
1 - 58% - 50% - 4:35
2 - 42% - 50% - 3:21
PK3 Forward
1 - 0% - 50%
2 - 0% - 50%
PK3 Defense
1 - 0% - 50%
2 - 0% - 50%
44 Forward
1 - 49% - 50% - 2:27
2 - 51% - 50% - 2:33
44 Defense
1 - 62% - 50% - 3:07
2 - 38% - 50% - 1:53
Last Minute Offensive - 0:26
Last Minute Defensive - 0:00
Total
Forward - 65:00
Defense - 65:00
|
Play-by-Play
1st period
0:01 of 1st period - Casey Cizikas wins face-off versus Jack Hughes in neutral zone.
0:30 of 1st period - Snap shot by Cody Glass.
0:30 of 1st period - Stopped by Stuart Skinner with a rebound.
1:16 of 1st period - Wrist shot by Sean Kuraly.
1:16 of 1st period - Shot Misses the Net.
1:36 of 1st period - Joel Edmundson is hit by Dylan DeMelo and loses puck.
1:43 of 1st period - Wrist shot by Valeri Nichushkin.
1:43 of 1st period - Stopped by Connor Ingram with a rebound.
1:45 of 1st period - Slapshot by Dylan DeMelo.
1:45 of 1st period - Shot Blocked by Joel Edmundson.
1:47 of 1st period - Snap shot by Brock Nelson.
1:47 of 1st period - Stopped by Connor Ingram with a rebound.
1:49 of 1st period - Slapshot by Neal Pionk.
1:49 of 1st period - Shot Blocked by Radek Faksa.
2:07 of 1st period - Radek Faksa is hit by Matt Roy and loses puck.
2:32 of 1st period - Snap shot by Marcus Johansson.
2:32 of 1st period - Stopped by Stuart Skinner with a rebound.
3:10 of 1st period - Snap shot by Frank Vatrano.
3:10 of 1st period - Shot Blocked by Daniil Misyul.
3:12 of 1st period - Wrist shot by Justin Faulk.
3:12 of 1st period - Stopped by Connor Ingram with a rebound.
3:14 of 1st period - Wrist shot by Rasmus Dahlin.
3:14 of 1st period - Stopped by Connor Ingram without a rebound.
3:15 of 1st period - Samuel Poulin wins face-off versus Jack Hughes in Philadelphia Flyers zone.
3:15 of 1st period - Samuel Poulin is hit by Rasmus Dahlin.
3:21 of 1st period - Justin Faulk is hit by Trevor van Riemsdyk and loses puck.
3:36 of 1st period - Minor Penalty to Rasmus Dahlin for Cross-checking.
3:37 of 1st period - Casey Cizikas wins face-off versus William Karlsson in Minnesota North Stars zone.
3:40 of 1st period - Snap shot by Jeff Skinner.
3:40 of 1st period - Shot Misses the Net.
4:15 of 1st period - Neal Pionk is hit by Sean Kuraly and loses puck.
4:26 of 1st period - Joel Edmundson is hit by Gustav Forsling and loses puck.
5:23 of 1st period - William Eklund is hit by Radek Faksa and loses puck.
5:36 of 1st period - Penalty to Rasmus Dahlin is over, Rasmus Dahlin is back on ice.
5:42 of 1st period - Wrist shot by Lawson Crouse.
5:42 of 1st period - Shot Misses the Net.
5:50 of 1st period - Neal Pionk is hit by Samuel Poulin and loses puck.
7:14 of 1st period - Cody Glass is hit by Ryan Nugent-Hopkins and loses puck.
7:45 of 1st period - Dylan DeMelo is hit by Samuel Poulin and loses puck.
8:13 of 1st period - Off-side.
8:14 of 1st period - Samuel Poulin wins face-off versus Jack Hughes in neutral zone.
8:19 of 1st period - Snap shot by Lukas Rousek.
8:19 of 1st period - Stopped by Stuart Skinner without a rebound.
8:20 of 1st period - Valeri Nichushkin wins face-off versus Samuel Poulin in Minnesota North Stars zone.
9:09 of 1st period - Wrist shot by Evgeni Malkin.
9:09 of 1st period - Shot Blocked by Casey Cizikas.
9:11 of 1st period - Snap shot by Justin Faulk.
9:11 of 1st period - Deflect By Lawson Crouse.
9:11 of 1st period - Shot Blocked by Marcus Johansson.
9:11 of 1st period - Puck is out of play.
9:12 of 1st period - William Karlsson wins face-off versus Radek Faksa in Philadelphia Flyers zone.
9:21 of 1st period - Wrist shot by Frank Vatrano.
9:21 of 1st period - Stopped by Connor Ingram without a rebound.
9:22 of 1st period - Radek Faksa wins face-off versus William Karlsson in Philadelphia Flyers zone.
9:32 of 1st period - Icing by Frank Vatrano.
9:33 of 1st period - William Karlsson wins face-off versus Sean Kuraly in Minnesota North Stars zone.
9:48 of 1st period - Wrist shot by Frank Vatrano.
9:48 of 1st period - Shot Misses the Net.
9:50 of 1st period - Slapshot by William Eklund.
9:50 of 1st period - Stopped by Connor Ingram without a rebound.
9:51 of 1st period - Samuel Poulin wins face-off versus Evgeni Malkin in Philadelphia Flyers zone.
9:51 of 1st period - Samuel Poulin is hit by Evgeni Malkin.
10:45 of 1st period - Slapshot by Sean Kuraly.
10:45 of 1st period - Shot Blocked by Neal Pionk.
10:47 of 1st period - Slapshot by Vladislav Gavrikov.
10:47 of 1st period - Deflect By Sean Kuraly.
10:47 of 1st period - Shot Blocked by Dylan DeMelo.
10:47 of 1st period - Puck is out of play.
10:48 of 1st period - Casey Cizikas wins face-off versus Evgeni Malkin in Minnesota North Stars zone.
10:53 of 1st period - Wrist shot by Marcus Johansson.
10:53 of 1st period - Stopped by Stuart Skinner without a rebound.
10:54 of 1st period - Casey Cizikas wins face-off versus Evgeni Malkin in Minnesota North Stars zone.
11:17 of 1st period - Lawson Crouse is hit by Jeff Skinner.
11:43 of 1st period - Wrist shot by Evgeni Malkin.
11:43 of 1st period - Shot Misses the Net.
11:55 of 1st period - Snap shot by Evgeni Malkin.
11:55 of 1st period - Shot Blocked by Casey Cizikas.
12:05 of 1st period - Wrist shot by Jeff Skinner.
12:05 of 1st period - Shot Misses the Net.
12:07 of 1st period - Snap shot by Joel Edmundson.
12:07 of 1st period - Shot Blocked by Lawson Crouse.
12:09 of 1st period - Wrist shot by Marcus Johansson.
12:09 of 1st period - Goal by Marcus Johansson - Philadelphia Flyers : 1 - Minnesota North Stars : 0.
12:10 of 1st period - William Karlsson wins face-off versus Samuel Poulin in neutral zone.
12:17 of 1st period - Wrist shot by William Karlsson.
12:17 of 1st period - Shot Blocked by Samuel Poulin.
12:19 of 1st period - Snap shot by William Karlsson.
12:19 of 1st period - Deflect By William Eklund.
12:19 of 1st period - Shot Misses the Net.
12:19 of 1st period - Puck is out of play.
12:20 of 1st period - Samuel Poulin wins face-off versus William Karlsson in Philadelphia Flyers zone.
12:47 of 1st period - Wrist shot by William Karlsson.
12:47 of 1st period - Stopped by Connor Ingram with a rebound.
12:49 of 1st period - Slapshot by William Karlsson.
12:49 of 1st period - Shot Misses the Net.
12:51 of 1st period - Wrist shot by William Karlsson.
12:51 of 1st period - Deflect By William Eklund.
12:51 of 1st period - Shot Misses the Net.
12:51 of 1st period - Puck is out of play.
12:52 of 1st period - Sean Kuraly wins face-off versus Jack Hughes in Philadelphia Flyers zone.
13:28 of 1st period - Slapshot by Ryan Nugent-Hopkins.
13:28 of 1st period - Stopped by Connor Ingram without a rebound.
13:29 of 1st period - Jack Hughes wins face-off versus Sean Kuraly in Philadelphia Flyers zone.
14:25 of 1st period - Snap shot by Samuel Poulin.
14:25 of 1st period - Stopped by Stuart Skinner with a rebound.
14:36 of 1st period - Icing by Matt Rempe.
14:37 of 1st period - Jack Hughes wins face-off versus Samuel Poulin in Philadelphia Flyers zone.
15:00 of 1st period - Wrist shot by Lukas Rousek.
15:00 of 1st period - Stopped by Stuart Skinner with a rebound.
15:18 of 1st period - Backhand shot by Samuel Poulin.
15:18 of 1st period - Shot Misses the Net.
15:20 of 1st period - Wrist shot by Samuel Poulin.
15:20 of 1st period - Shot Misses the Net.
15:22 of 1st period - Snap shot by Lukas Rousek.
15:22 of 1st period - Stopped by Stuart Skinner without a rebound.
15:23 of 1st period - Sean Kuraly wins face-off versus William Karlsson in Minnesota North Stars zone.
15:31 of 1st period - Wrist shot by Jesper Fast.
15:31 of 1st period - Shot Hit the Post.
15:33 of 1st period - Wrist shot by Sean Kuraly.
15:33 of 1st period - Stopped by Stuart Skinner without a rebound.
15:34 of 1st period - Evgeni Malkin wins face-off versus Radek Faksa in Minnesota North Stars zone.
16:00 of 1st period - Albert Johansson is hit by Eeli Tolvanen.
16:28 of 1st period - William Karlsson is hit by Ryan Winterton and loses puck.
16:59 of 1st period - Slapshot by Marcus Johansson.
16:59 of 1st period - Stopped by Stuart Skinner without a rebound.
17:00 of 1st period - Evgeni Malkin wins face-off versus Samuel Poulin in Minnesota North Stars zone.
17:07 of 1st period - Wrist shot by Lukas Rousek.
17:07 of 1st period - Deflect By Samuel Poulin.
17:07 of 1st period - Stopped by Stuart Skinner with a rebound.
17:25 of 1st period - Sean Kuraly is hit by William Eklund and loses puck.
17:47 of 1st period - Slapshot by Marcus Johansson.
17:47 of 1st period - Stopped by Stuart Skinner without a rebound.
17:48 of 1st period - Sean Kuraly wins face-off versus Ryan Nugent-Hopkins in Minnesota North Stars zone.
17:57 of 1st period - Snap shot by Sean Kuraly.
17:57 of 1st period - Stopped by Stuart Skinner without a rebound.
17:58 of 1st period - Evgeni Malkin wins face-off versus Ryan Winterton in Minnesota North Stars zone.
18:33 of 1st period - Slapshot by Ryan Winterton.
18:33 of 1st period - Stopped by Stuart Skinner with a rebound.
18:35 of 1st period - Snap shot by Jesper Fast.
18:35 of 1st period - Goal by Jesper Fast - Philadelphia Flyers : 2 - Minnesota North Stars : 0.
18:36 of 1st period - Radek Faksa wins face-off versus William Karlsson in neutral zone.
19:30 of 1st period - Albert Johansson is hit by Evgeni Malkin and loses puck.
Goals for this period are 2 for Philadelphia Flyers vs 0 for Minnesota North Stars.
Shots for this period are 15 for Philadelphia Flyers vs 8 for Minnesota North Stars.
2nd period
0:01 of 2nd period - William Karlsson wins face-off versus Radek Faksa in neutral zone.
0:04 of 2nd period - Slapshot by Frank Vatrano.
0:04 of 2nd period - Shot Misses the Net.
0:06 of 2nd period - Wrist shot by William Eklund.
0:06 of 2nd period - Shot Blocked by Cody Glass.
0:12 of 2nd period - Snap shot by Frank Vatrano.
0:12 of 2nd period - Stopped by Connor Ingram with a rebound.
0:14 of 2nd period - Slapshot by Gustav Forsling.
0:14 of 2nd period - Shot Blocked by Zac Jones.
0:16 of 2nd period - Snap shot by Frank Vatrano.
0:16 of 2nd period - Shot Misses the Net.
0:32 of 2nd period - Wrist shot by Cody Glass.
0:32 of 2nd period - Shot Blocked by Jack Hughes.
0:34 of 2nd period - Snap shot by Radek Faksa.
0:34 of 2nd period - Shot Blocked by Jack Hughes.
0:36 of 2nd period - Slapshot by Zac Jones.
0:36 of 2nd period - Shot Blocked by Valeri Nichushkin.
0:38 of 2nd period - Wrist shot by Sonny Milano.
0:38 of 2nd period - Deflect By Radek Faksa.
0:38 of 2nd period - Stopped by Stuart Skinner with a rebound.
0:40 of 2nd period - Slapshot by Cody Glass.
0:40 of 2nd period - Stopped by Stuart Skinner with a rebound.
0:42 of 2nd period - Slapshot by Zac Jones.
0:42 of 2nd period - Shot Blocked by Dylan DeMelo.
0:44 of 2nd period - Snap shot by Radek Faksa.
0:44 of 2nd period - Goal by Radek Faksa - Philadelphia Flyers : 3 - Minnesota North Stars : 0.
0:45 of 2nd period - Casey Cizikas wins face-off versus Lawson Crouse in neutral zone.
0:52 of 2nd period - Marcus Johansson is hit by Lawson Crouse and loses puck.
1:47 of 2nd period - Slapshot by Eeli Tolvanen.
1:47 of 2nd period - Stopped by Connor Ingram with a rebound.
2:03 of 2nd period - Wrist shot by William Eklund.
2:03 of 2nd period - Deflect By Frank Vatrano.
2:03 of 2nd period - Stopped by Connor Ingram without a rebound.
2:04 of 2nd period - William Karlsson wins face-off versus Sean Kuraly in Philadelphia Flyers zone.
2:13 of 2nd period - Sean Kuraly is hit by Frank Vatrano and loses puck.
2:28 of 2nd period - Neal Pionk is hit by Zac Jones and loses puck.
2:41 of 2nd period - Snap shot by Sean Kuraly.
2:41 of 2nd period - Shot Misses the Net.
3:48 of 2nd period - Wrist shot by Frank Vatrano.
3:48 of 2nd period - Deflect By William Karlsson.
3:48 of 2nd period - Stopped by Connor Ingram with a rebound.
4:02 of 2nd period - Wrist shot by Frank Vatrano.
4:02 of 2nd period - Shot Misses the Net.
4:26 of 2nd period - Wrist shot by Frank Vatrano.
4:26 of 2nd period - Stopped by Connor Ingram with a rebound.
4:28 of 2nd period - Slapshot by Gustav Forsling.
4:28 of 2nd period - Stopped by Connor Ingram without a rebound.
4:29 of 2nd period - Jack Hughes wins face-off versus Casey Cizikas in Philadelphia Flyers zone.
4:30 of 2nd period - Wrist shot by Brock Nelson.
4:30 of 2nd period - Stopped by Connor Ingram without a rebound.
4:31 of 2nd period - Jack Hughes wins face-off versus Marcus Johansson in Philadelphia Flyers zone.
4:46 of 2nd period - Slapshot by Valeri Nichushkin.
4:46 of 2nd period - Stopped by Connor Ingram with a rebound.
5:00 of 2nd period - Snap shot by Samuel Poulin.
5:00 of 2nd period - Shot Blocked by Justin Faulk.
5:02 of 2nd period - Slapshot by Zac Jones.
5:02 of 2nd period - Stopped by Stuart Skinner without a rebound.
5:03 of 2nd period - Evgeni Malkin wins face-off versus Samuel Poulin in Minnesota North Stars zone.
5:08 of 2nd period - Samuel Poulin is hit by Lawson Crouse and loses puck.
6:11 of 2nd period - Snap shot by Yegor Sharangovich.
6:11 of 2nd period - Stopped by Connor Ingram without a rebound.
6:12 of 2nd period - Samuel Poulin wins face-off versus Evgeni Malkin in Philadelphia Flyers zone.
6:14 of 2nd period - Icing by Lukas Rousek.
6:15 of 2nd period - Jack Hughes wins face-off versus Samuel Poulin in Philadelphia Flyers zone.
6:20 of 2nd period - Wrist shot by Valeri Nichushkin.
6:20 of 2nd period - Stopped by Connor Ingram with a rebound.
6:22 of 2nd period - Slapshot by Dylan DeMelo.
6:22 of 2nd period - Shot Blocked by Daniil Misyul.
6:24 of 2nd period - Snap shot by Jack Hughes.
6:24 of 2nd period - Shot Misses the Net.
6:48 of 2nd period - Wrist shot by Samuel Poulin.
6:48 of 2nd period - Stopped by Stuart Skinner with a rebound.
7:08 of 2nd period - Wrist shot by Marcus Johansson.
7:08 of 2nd period - Stopped by Stuart Skinner with a rebound.
7:42 of 2nd period - Wrist shot by Ryan Winterton.
7:42 of 2nd period - Stopped by Stuart Skinner with a rebound.
8:00 of 2nd period - Wrist shot by Radek Faksa.
8:00 of 2nd period - Shot Misses the Net.
9:30 of 2nd period - Minor Penalty to Evan Rodrigues for Boarding.
9:31 of 2nd period - Radek Faksa wins face-off versus William Karlsson in Minnesota North Stars zone.
10:33 of 2nd period - Icing by Sean Kuraly.
10:34 of 2nd period - Casey Cizikas wins face-off versus William Karlsson in Philadelphia Flyers zone.
10:43 of 2nd period - Wrist shot by William Karlsson.
10:43 of 2nd period - Shot Misses the Net.
10:57 of 2nd period - Slapshot by Ryan Nugent-Hopkins.
10:57 of 2nd period - Shot Misses the Net.
11:13 of 2nd period - Sonny Milano is hit by William Karlsson and loses puck.
11:30 of 2nd period - Penalty to Evan Rodrigues is over, Evan Rodrigues is back on ice.
11:48 of 2nd period - Trevor van Riemsdyk is hit by Justin Faulk and loses puck.
12:18 of 2nd period - Radek Faksa is hit by Ryan Nugent-Hopkins and loses puck.
12:37 of 2nd period - Matt Rempe is hit by Valeri Nichushkin and loses puck.
12:44 of 2nd period - Snap shot by Jack Hughes.
12:44 of 2nd period - Stopped by Connor Ingram with a rebound.
12:58 of 2nd period - Snap shot by William Karlsson.
12:58 of 2nd period - Stopped by Connor Ingram with a rebound.
13:00 of 2nd period - Wrist shot by William Eklund.
13:00 of 2nd period - Shot Hit the Post.
13:02 of 2nd period - Wrist shot by Frank Vatrano.
13:02 of 2nd period - Shot Misses the Net.
13:16 of 2nd period - Evgeni Malkin is hit by Joel Edmundson and loses puck.
14:00 of 2nd period - Jack Hughes is hit by Matt Rempe.
15:04 of 2nd period - Slapshot by Evgeni Malkin.
15:04 of 2nd period - Goal by Evgeni Malkin - Philadelphia Flyers : 3 - Minnesota North Stars : 1.
15:05 of 2nd period - Casey Cizikas wins face-off versus Evgeni Malkin in neutral zone.
16:32 of 2nd period - Snap shot by Lukas Rousek.
16:32 of 2nd period - Stopped by Stuart Skinner without a rebound.
16:33 of 2nd period - Casey Cizikas wins face-off versus Jack Hughes in Minnesota North Stars zone.
16:35 of 2nd period - Minor Penalty to Rasmus Dahlin for Roughing.
16:36 of 2nd period - Radek Faksa wins face-off versus William Karlsson in Minnesota North Stars zone.
17:33 of 2nd period - Sean Kuraly is hit by Frank Vatrano and loses puck.
18:35 of 2nd period - Penalty to Rasmus Dahlin is over, Rasmus Dahlin is back on ice.
18:38 of 2nd period - William Eklund is hit by Sean Kuraly and loses puck.
19:03 of 2nd period - Slapshot by Ryan Nugent-Hopkins.
19:03 of 2nd period - Stopped by Connor Ingram without a rebound.
19:04 of 2nd period - Valeri Nichushkin wins face-off versus Jesper Fast in Philadelphia Flyers zone.
19:31 of 2nd period - Samuel Poulin is hit by Lawson Crouse and loses puck.
19:58 of 2nd period - Slapshot by William Karlsson.
19:58 of 2nd period - Shot Misses the Net.
Goals for this period are 1 for Philadelphia Flyers vs 1 for Minnesota North Stars.
Shots for this period are 8 for Philadelphia Flyers vs 14 for Minnesota North Stars.
3rd period
0:01 of 3rd period - Evgeni Malkin wins face-off versus Jeff Skinner in neutral zone.
0:11 of 3rd period - Off-side.
0:12 of 3rd period - Evgeni Malkin wins face-off versus Casey Cizikas in neutral zone.
0:44 of 3rd period - Slapshot by Cody Glass.
0:44 of 3rd period - Shot Blocked by Valeri Nichushkin.
0:46 of 3rd period - Wrist shot by Joel Edmundson.
0:46 of 3rd period - Deflect By Jack Hughes.
0:46 of 3rd period - Stopped by Stuart Skinner with a rebound.
2:01 of 3rd period - Wrist shot by Jeff Skinner.
2:01 of 3rd period - Shot Misses the Net.
2:27 of 3rd period - Slapshot by Radek Faksa.
2:27 of 3rd period - Stopped by Stuart Skinner without a rebound.
2:28 of 3rd period - Radek Faksa wins face-off versus Evgeni Malkin in Minnesota North Stars zone.
2:33 of 3rd period - Wrist shot by Cody Glass.
2:33 of 3rd period - Stopped by Stuart Skinner without a rebound.
2:34 of 3rd period - Evgeni Malkin wins face-off versus Radek Faksa in Minnesota North Stars zone.
2:45 of 3rd period - Lawson Crouse is hit by Sonny Milano and loses puck.
3:04 of 3rd period - Matt Roy is hit by Jeff Skinner and loses puck.
3:16 of 3rd period - Icing by Jack Hughes.
3:17 of 3rd period - Sean Kuraly wins face-off versus Ryan Nugent-Hopkins in Minnesota North Stars zone.
3:22 of 3rd period - Snap shot by Sean Kuraly.
3:22 of 3rd period - Shot Misses the Net.
3:24 of 3rd period - Wrist shot by Ryan Winterton.
3:24 of 3rd period - Stopped by Stuart Skinner without a rebound.
3:25 of 3rd period - Casey Cizikas wins face-off versus Jack Hughes in Minnesota North Stars zone.
3:34 of 3rd period - Snap shot by Jeff Skinner.
3:34 of 3rd period - Stopped by Stuart Skinner with a rebound.
3:36 of 3rd period - Minor Penalty to Dylan DeMelo for Tripping.
3:37 of 3rd period - William Karlsson wins face-off versus Casey Cizikas in Minnesota North Stars zone.
3:37 of 3rd period - William Karlsson is hit by Sean Kuraly.
3:44 of 3rd period - Icing by Sean Kuraly.
3:45 of 3rd period - Casey Cizikas wins face-off versus Ryan Nugent-Hopkins in Philadelphia Flyers zone.
4:16 of 3rd period - Slapshot by Trevor van Riemsdyk.
4:16 of 3rd period - Shot Misses the Net.
5:26 of 3rd period - Frank Vatrano is hit by Vladislav Gavrikov and loses puck.
5:36 of 3rd period - Penalty to Dylan DeMelo is over, Dylan DeMelo is back on ice.
6:03 of 3rd period - Jesper Fast is hit by Yegor Sharangovich and loses puck.
6:22 of 3rd period - Snap shot by Valeri Nichushkin.
6:22 of 3rd period - Stopped by Connor Ingram with a rebound.
6:57 of 3rd period - Off-side.
6:58 of 3rd period - Lawson Crouse wins face-off versus Sean Kuraly in neutral zone.
7:39 of 3rd period - Snap shot by Jeff Skinner.
7:39 of 3rd period - Deflect By Marcus Johansson.
7:39 of 3rd period - Shot Blocked by Rasmus Dahlin.
7:39 of 3rd period - Puck is out of play.
7:40 of 3rd period - Radek Faksa wins face-off versus Ryan Nugent-Hopkins in Minnesota North Stars zone.
7:43 of 3rd period - Snap shot by Cody Glass.
7:43 of 3rd period - Stopped by Stuart Skinner with a rebound.
7:45 of 3rd period - Slapshot by Vladislav Gavrikov.
7:45 of 3rd period - Shot Misses the Net.
7:47 of 3rd period - Wrist shot by Radek Faksa.
7:47 of 3rd period - Stopped by Stuart Skinner with a rebound.
7:49 of 3rd period - Snap shot by Vladislav Gavrikov.
7:49 of 3rd period - Shot Blocked by Ryan Nugent-Hopkins.
8:48 of 3rd period - Off-side.
8:49 of 3rd period - Samuel Poulin wins face-off versus Jack Hughes in neutral zone.
8:52 of 3rd period - Slapshot by Samuel Poulin.
8:52 of 3rd period - Shot Misses the Net.
9:14 of 3rd period - Samuel Poulin is hit by Justin Faulk.
9:30 of 3rd period - Snap shot by Jack Hughes.
9:30 of 3rd period - Shot Misses the Net.
9:51 of 3rd period - Samuel Poulin is hit by Dylan DeMelo and loses puck.
10:00 of 3rd period - Snap shot by Jack Hughes.
10:00 of 3rd period - Stopped by Connor Ingram without a rebound.
10:01 of 3rd period - Evgeni Malkin wins face-off versus Radek Faksa in Philadelphia Flyers zone.
10:02 of 3rd period - Slapshot by Yegor Sharangovich.
10:02 of 3rd period - Stopped by Connor Ingram with a rebound.
10:04 of 3rd period - Snap shot by Dylan DeMelo.
10:04 of 3rd period - Stopped by Connor Ingram with a rebound.
10:06 of 3rd period - Slapshot by Evgeni Malkin.
10:06 of 3rd period - Shot Misses the Net.
10:08 of 3rd period - Slapshot by Neal Pionk.
10:08 of 3rd period - Shot Blocked by Trevor van Riemsdyk.
10:42 of 3rd period - Wrist shot by Yegor Sharangovich.
10:42 of 3rd period - Stopped by Connor Ingram without a rebound.
10:43 of 3rd period - William Karlsson wins face-off versus Casey Cizikas in Philadelphia Flyers zone.
10:56 of 3rd period - Wrist shot by William Eklund.
10:56 of 3rd period - Goal by William Eklund - Philadelphia Flyers : 3 - Minnesota North Stars : 2.
10:57 of 3rd period - Casey Cizikas wins face-off versus Evgeni Malkin in neutral zone.
11:00 of 3rd period - Snap shot by Marcus Johansson.
11:00 of 3rd period - Shot Misses the Net.
11:25 of 3rd period - Sonny Milano is hit by Brock Nelson.
11:37 of 3rd period - Sonny Milano is hit by Rasmus Dahlin and loses puck.
12:11 of 3rd period - Slapshot by Vladislav Gavrikov.
12:11 of 3rd period - Shot Misses the Net.
12:17 of 3rd period - Slapshot by Lukas Rousek.
12:17 of 3rd period - Shot Blocked by Dylan DeMelo.
12:29 of 3rd period - Snap shot by Neal Pionk.
12:29 of 3rd period - Deflect By Zac Jones.
12:29 of 3rd period - Stopped by Connor Ingram with a rebound.
12:51 of 3rd period - Brock Nelson is hit by Radek Faksa and loses puck.
13:02 of 3rd period - Wrist shot by Jack Hughes.
13:02 of 3rd period - Stopped by Connor Ingram without a rebound.
13:03 of 3rd period - William Karlsson wins face-off versus Sean Kuraly in Philadelphia Flyers zone.
13:04 of 3rd period - Wrist shot by Frank Vatrano.
13:04 of 3rd period - Stopped by Connor Ingram without a rebound.
13:05 of 3rd period - William Karlsson wins face-off versus Sean Kuraly in Philadelphia Flyers zone.
13:08 of 3rd period - Wrist shot by Frank Vatrano.
13:08 of 3rd period - Stopped by Connor Ingram without a rebound.
13:09 of 3rd period - William Karlsson wins face-off versus Sean Kuraly in Philadelphia Flyers zone.
13:18 of 3rd period - Wrist shot by William Eklund.
13:18 of 3rd period - Stopped by Connor Ingram with a rebound.
13:20 of 3rd period - Snap shot by Justin Faulk.
13:20 of 3rd period - Shot Misses the Net.
13:22 of 3rd period - Wrist shot by Justin Faulk.
13:22 of 3rd period - Shot Misses the Net.
13:24 of 3rd period - Snap shot by William Eklund.
13:24 of 3rd period - Stopped by Connor Ingram with a rebound.
14:27 of 3rd period - Icing by Matt Rempe.
14:28 of 3rd period - Samuel Poulin wins face-off versus William Karlsson in Philadelphia Flyers zone.
15:01 of 3rd period - Snap shot by Radek Faksa.
15:01 of 3rd period - Shot Misses the Net.
15:03 of 3rd period - Slapshot by Albert Johansson.
15:03 of 3rd period - Shot Blocked by Gustav Forsling.
15:45 of 3rd period - Jeff Skinner is hit by Rasmus Dahlin and loses puck.
17:18 of 3rd period - Icing by Dylan DeMelo.
17:19 of 3rd period - Jack Hughes wins face-off versus Casey Cizikas in Minnesota North Stars zone.
17:32 of 3rd period - Wrist shot by Marcus Johansson.
17:32 of 3rd period - Shot Misses the Net.
18:48 of 3rd period - Minnesota North Stars, Stuart Skinner is pulled from the net.
19:08 of 3rd period - Slapshot by Evgeni Malkin.
19:08 of 3rd period - Stopped by Connor Ingram with a rebound.
19:10 of 3rd period - Slapshot by Evgeni Malkin.
19:10 of 3rd period - Goal by Evgeni Malkin - Philadelphia Flyers : 3 - Minnesota North Stars : 3.
19:10 of 3rd period - Stuart Skinner from Minnesota North Stars was sent back in the game.
19:11 of 3rd period - Evgeni Malkin wins face-off versus Samuel Poulin in neutral zone.
19:38 of 3rd period - Evan Rodrigues is hit by Jesper Fast and loses puck.
19:47 of 3rd period - Snap shot by Jesper Fast.
19:47 of 3rd period - Deflect By Sean Kuraly.
19:47 of 3rd period - Shot Blocked by Ryan Nugent-Hopkins.
19:47 of 3rd period - Puck is out of play.
19:48 of 3rd period - Radek Faksa wins face-off versus William Karlsson in Minnesota North Stars zone.
Goals for this period are 0 for Philadelphia Flyers vs 2 for Minnesota North Stars.
Shots for this period are 7 for Philadelphia Flyers vs 14 for Minnesota North Stars.
Overtime #1
0:01 of 1st overtime period - Casey Cizikas wins face-off versus Evgeni Malkin in neutral zone.
0:04 of 1st overtime period - Slapshot by Trevor van Riemsdyk.
0:04 of 1st overtime period - Shot Misses the Net.
0:15 of 1st overtime period - Icing by Brock Nelson.
0:16 of 1st overtime period - Evgeni Malkin wins face-off versus Radek Faksa in Minnesota North Stars zone.
0:59 of 1st overtime period - Snap shot by Brock Nelson.
0:59 of 1st overtime period - Stopped by Connor Ingram with a rebound.
1:01 of 1st overtime period - Slapshot by Evgeni Malkin.
1:01 of 1st overtime period - Stopped by Connor Ingram without a rebound.
1:02 of 1st overtime period - William Karlsson wins face-off versus Casey Cizikas in Philadelphia Flyers zone.
2:42 of 1st overtime period - Zac Jones is hit by Neal Pionk and loses puck.
3:50 of 1st overtime period - Wrist shot by Ryan Nugent-Hopkins.
3:50 of 1st overtime period - Shot Blocked by Albert Johansson.
4:43 of 1st overtime period - Dylan DeMelo is hit by Casey Cizikas and loses puck.
Goals for this period are 0 for Philadelphia Flyers vs 0 for Minnesota North Stars.
Shots for this period are 0 for Philadelphia Flyers vs 2 for Minnesota North Stars.
ShootOut
5:00 of 1st overtime period - Round #1.
5:00 of 1st overtime period - Philadelphia Flyers, Jeff Skinner.
5:00 of 1st overtime period - Wrist shot by Jeff Skinner.
5:00 of 1st overtime period - Stopped by Stuart Skinner.
5:00 of 1st overtime period - Minnesota North Stars, Valeri Nichushkin.
5:00 of 1st overtime period - Snap shot by Valeri Nichushkin.
5:00 of 1st overtime period - Stopped by Connor Ingram.
5:00 of 1st overtime period - Round #2.
5:00 of 1st overtime period - Philadelphia Flyers, Sonny Milano.
5:00 of 1st overtime period - Deke by Sonny Milano.
5:00 of 1st overtime period - Goal by Sonny Milano.
5:00 of 1st overtime period - Minnesota North Stars, Evgeni Malkin.
5:00 of 1st overtime period - Deke by Evgeni Malkin.
5:00 of 1st overtime period - Goal by Evgeni Malkin.
5:00 of 1st overtime period - Round #3.
5:00 of 1st overtime period - Philadelphia Flyers, Casey Cizikas.
5:00 of 1st overtime period - Wrist shot by Casey Cizikas.
5:00 of 1st overtime period - Stopped by Stuart Skinner.
5:00 of 1st overtime period - Minnesota North Stars, William Karlsson.
5:00 of 1st overtime period - Deke by William Karlsson.
5:00 of 1st overtime period - Goal by William Karlsson.
Back to the Top